 Dungeon Crawl Stone Soup version 0.28-a0-265-g048bc9fd10 (webtiles) character file.

Game seed: 13416577853505762174

308 Spaninq the Firebug (level 6, 41/41 HPs)
             Began as a Demonspawn Fire Elementalist on Aug 27, 2021.
             Was a Follower of Yredelemnul.
             Quit the game on level 2 of the Dungeon.
             The game lasted 00:07:52 (3552 turns).

Spaninq the Firebug (Demonspawn Fire Elementalist)  Turns: 3552, Time: 00:07:52

Health: 41/41      AC:  5    Str:  8    XL:     6   Next: 17%
Magic:  10/10      EV: 12    Int: 19    God:    Yredelemnul [*.....]
Gold:   74         SH:  0    Dex: 13    Spells: 10/11 levels left

rFire   . . .      SeeInvis .   e - +0 dagger (venom)
rCold   . . .      Faith    .   (no shield)
rNeg    . . .      Spirit   .   a - +0 robe
rPois   .          Reflect  .   b - +0 helmet
rElec   .          Harm     .   (no cloak)
rCorr   .          Rampage  .   (no gloves)
Will    .....                   (no boots)
Stlth   ++........              (no amulet)
HPRegen 0.13/turn               (no ring)
MPRegen 0.12/turn               (no ring)

@: no status effects
A: talons 2, yellow scales 1
a: Renounce Religion, Animate Remains


You were on level 2 of the Dungeon.
You worshipped Yredelemnul.
Yredelemnul was aware of your devotion.
You visited 1 branch of the dungeon, and saw 2 of its levels.

You collected 74 gold pieces.

Inventory:

Hand Weapons
 e - a +0 dagger of venom (weapon)
Missiles
 c - 28 stones
Armour
 a - a +0 robe (worn)
 b - a +0 helmet (worn)
 g - a +0 kite shield
Jewellery
 l - a ring of poison resistance
Scrolls
 d - a scroll of fear {unknown}
 h - 2 scrolls of teleportation {unknown}
 k - a scroll of brand weapon {unknown}
 p - a scroll of identify {unknown}
Potions
 f - a potion of flight {unknown}
 i - a potion of magic {unknown}
 j - a potion of curing {unknown}
 m - a potion of berserk rage {unknown}
 n - a potion of ambrosia {unknown}
 o - a potion of degeneration {unknown}


   Skills:
 - Level 1.7 Dodging
 - Level 1.7 Stealth
 + Level 3.1 Spellcasting
 * Level 4.0 Conjurations
 * Level 4.4 Fire Magic


You had 10 spell levels left.
You knew the following spells:

 Your Spells              Type           Power      Damage    Failure   Level
a - Foxfire               Conj/Fire      76%        2x1d7     2%          1

Your spell library contained the following spells:

 Spells                   Type           Power      Damage    Failure   Level
 Conjure Flame            Conj/Fire      19%        6-21      8%          3
 Inner Flame              Hex/Fire       11%        N/A       19%         3
 Sticky Flame             Conj/Fire      19%        2d4       26%         4
 Summon Guardian Golem    Hex/Summ       3%         N/A       41%         3
 Fireball                 Conj/Fire      9%         3d6       58%         5
 Orb of Destruction       Conj           9%         9d4       100%        7
 Spellforged Servitor     Conj/Summ      5%         N/A       100%        7


Dungeon Overview and Level Annotations

Branches:
Dungeon (2/15)

Altars:
Qazlal
Yredelemnul


Innate Abilities, Weirdness & Mutations

You have razor-sharp toenails.
You are partially covered in yellow scales. (AC +2)


Message History

The helpless endoplasm fails to defend itself.
You hit the endoplasm.
The endoplasm is heavily wounded.
Sigmund barely misses the endoplasm.
The endoplasm hits you but does no damage.
Casting: Foxfire (safe; 2% risk of failure)
Confirm with . or Enter, or press ? or * to list all spells.
You conjure some foxfire!
Sigmund hits the endoplasm from afar with a +0 scythe!
The endoplasm dies!
Yredelemnul accepts your kill.
You open the door.
A goblin comes into view. It is wielding a +0 dagger.
The goblin shouts!
The goblin unwields a +0 dagger.
The goblin wields a +0 hunting sling.
The goblin shoots a stone.
The stone misses you.
There is an open door here.
The goblin shoots a stone.
The stone hits you.
The goblin unwields a +0 hunting sling.
The goblin wields a +0 dagger.
The goblin hits you but does no damage.
The goblin unwields a +0 dagger.
The goblin wields a +0 hunting sling.
The goblin shoots a stone.
The stone barely misses you.
Casting: Foxfire (safe; 2% risk of failure)
Confirm with . or Enter, or press ? or * to list all spells.
You conjure some foxfire!
The foxfire hits the goblin!
You kill the goblin!
Yredelemnul accepts your kill.
c - 28 stones (gained 14)
Things that are here:
a +0 hunting sling; a +0 dagger; a goblin corpse You open the door.
Found a glowing hunting sling.
There is an open door here.
You see here a +2 hunting sling of freezing.
q - a +2 hunting sling of freezing Done exploring.
Drop what? 17/52 slots (_ for help) (? for menu, Esc to quit)
You drop a +2 hunting sling of freezing.
Okay, then.
Are you sure you want to abandon this character and quit the game? (Confirm with "yes".)

# ## ####.
##############....
#.Z.'#..##...##...
#@8.#.##.#.#.#....
#...####)#.#.'....
#######.##'###..#.
#.Zv#v'##...##..#.
#'#§#.###.#..#..#.
#.#...#...##.#..#+
#.#####'#†...##...
#.......#######...
########## ##....


You could see the friendly Sigmund the human zombie.

Vanquished Creatures
  Sigmund (D:2)
  A phantom (D:2)
  2 adders (D:2)
  A worm (D:2)
  2 dart slugs (D:1)
  4 orcs (D:2)
  5 bats
  3 endoplasms
  3 giant cockroaches
  6 hobgoblins
  A jackal (D:1)
  2 quokkas (D:2)
  4 ball pythons
  5 frilled lizards
  5 goblins
  6 kobolds
  5 rats
56 creatures vanquished.

Vanquished Creatures (collateral kills)
  An endoplasm (D:2)
  5 foxfires (D:1)
6 creatures vanquished.

Vanquished Creatures (others)
  150 foxfires
  8 plants (D:1)
158 creatures vanquished.

Grand Total: 220 creatures vanquished

Notes
Turn   | Place    | Note
-------+----------+-------------------------------------------
     0 | D:1      | Spaninq the Demonspawn Fire Elementalist began the quest
                  | for the Orb.
     0 | D:1      | Reached XP level 1. HP: 13/13 MP: 3/3
   501 | D:1      | Gained mutation: You are partially covered in yellow
                  | scales. (AC +2) [demonic ancestry]
   501 | D:1      | Reached XP level 2. HP: 16/19 MP: 0/5
  1513 | D:1      | Reached XP level 3. HP: 24/24 MP: 3/6
  1908 | D:2      | Found a stormy altar of Qazlal.
  2119 | D:2      | Noticed Sigmund
  2557 | D:2      | Gained mutation: You have sharp toenails. [demonic
                  | ancestry]
  2557 | D:2      | Reached XP level 4. HP: 23/30 MP: 0/7
  2749 | D:2      | Noticed a phantom
  2796 | D:2      | Killed a phantom
  2797 | D:2      | Reached XP level 5. HP: 21/35 MP: 0/9
  2970 | D:2      | Found a faded altar of an unknown god.
  3081 | D:2      | Became a worshipper of Yredelemnul the Dark
  3081 | D:2      | Reached * piety under Yredelemnul
  3173 | D:2      | Killed Sigmund
  3174 | D:2      | Gained mutation: You have razor-sharp toenails. [demonic
                  | ancestry]
  3174 | D:2      | Reached XP level 6. HP: 19/41 MP: 4/10
  3552 | D:2      | Quit the game

Illustrated notes

Levels and vault maps discovered:
D:1:      erik_arrival_cave_to_civilisation [erik_arrival_cave_to_hall],
          layout_basic, st_stairs_10, serial_bayou_lagoon_a, minmay_cut_off
D:2:      minmay_chambers_of_ones, layout_loops_corners, basic_altar,
          ebering_ecumenical_altar_mist, roderic_serpentine_path, uniq_sigmund

Skill      XL: |  1  2  3  4  5 |
---------------+----------------+-----
Fire Magic     | 3 4 |  4.4
Conjurations   | 2 3 4 |  4.0
Spellcasting   | 3 |  3.1
Dodging        | |  1.7
Stealth        | |  1.7

Action                   |  1- 3 |  4- 6 || total
-------------------------+-------+-------++-------
Melee: Dagger            |    28 |    11 ||    39
       Unarmed           |     1 |       ||     1
 Cast: Foxfire           |    67 |    24 ||    91
Invok: Animate Remains   |       |     1 ||     1
 Stab: Sleeping          |     1 |     3 ||     4
Armor: Robe              |    11 |     5 ||    16
Dodge: Dodged            |    23 |    10 ||    33

Table legend: (Time is in decaauts)
 A = Elapsed time spent in this place.
 B = Non-inter-level travel time spent in this place.
 C = Inter-level travel time spent in this place.
 D = Time resting spent in this place.
 E = Time spent auto-exploring this place.
 F = Levels seen in this place.
 G = Mean time per level.
                   A        B        C        D        E       F      G
               +--------+--------+--------+--------+--------+-----+--------+
         Total |   3560 |   3511 |     49 |    501 |   2431 |   2 | 1780.0 |
       Dungeon |   3560 |   3511 |     49 |    501 |   2431 |   2 | 1780.0 |
               +--------+--------+--------+--------+--------+-----+--------+

Top non-repeatable levels by time:
     D:2: 1816 daAuts
     D:1: 1743 daAuts
